Map: Ulrena

Players

Mathias

  • Race: Terran Terran
  • League: Gold

LilDicky - Winner!

  • Race: Terran Terran
  • League: Diamond

VOD

http://www.twitch.tv/tumescentpie

Description

Time

  • Played on: Dec. 12, 2015, 4:28 p.m.
  • Length: 34:20
Show
View Real Time Build Order
Export as new Build Order

Mathias Terran 

Build Orders:  

Get SALT Encoding   

  12  0:01  SCV  
  13  0:13  SCV  
  14  0:18  Supply Depot  
  14  0:25  SCV  
  15  0:43  Barracks  
  15  0:48  SCV  
  16  1:00  SCV  
  17  1:21  SCV  
  17  1:24  Command Center  
  18  1:44  Refinery, Orbital Command  
  18  1:47  Marine  
  19  1:56  Refinery  
  19  2:35  SCV  
  21  2:50  Factory  
  20  3:00  Marine  
  20  3:07  Barracks  
  20  3:11  Orbital Command  
  20  3:13  SCV  
  21  3:25  SCV, Factory  
  22  3:31  Barracks Tech Lab  
  22  3:37  SCV, Factory Tech Lab  
  22  3:40  SCV  
  24  3:49  SCV, Starport  
  24  3:52  SCV  
  26  3:56  Marine  
  26  3:58  Supply Depot  
  26  4:02  Siege Tank  
  30  4:18  Barracks Tech Lab  
  30  4:19  Marine  
  30  4:23  SCV  
  32  4:25  SCV  
  32  4:28  Medivac  
  35  4:35  SCV  
  35  4:37  Marine  
  35  4:38  SCV  
  38  4:43  Siege Tank  
  41  4:47  Marine  
  42  4:53  Engineering Bay  
  42  4:54  Marine  
  42  4:57  Siege Tank, Barracks  
  46  5:05  Supply Depot  
  46  5:27  SCV x2  
  48  5:47  Marine x2  
  50  5:58  Siege Tank  
  53  6:04  Marine  
  53  6:06  Terran Infantry Weapons Level 1  
  53  6:07  SCV x2, Siege Tank, Marine  
  53  6:10  Refinery  
  60  6:19  SCV  
  60  6:22  Marine  
  62  6:28  Marine  
  54  6:42  Siege Tank  
  54  6:46  SCV x2  
  59  6:53  Refinery  
  59  6:54  Barracks Reactor  
  59  6:56  Marine  
  59  7:00  Barracks Reactor  
  60  7:13  Marine  
  61  7:30  Marine  
  62  7:41  SCV x2, Marauder, Marine  
  67  7:44  Supply Depot  
  67  7:53  SCV  
  68  8:02  Marine  
  69  8:06  Supply Depot  
  69  8:11  Command Center  
  69  8:20  Marine  
  70  8:28  Marine  
  70  8:29  Marine x2  
  70  8:30  Supply Depot  
  73  8:38  Marine  
  74  8:44  Marine  
  74  8:46  Marine  
  74  8:47  Marine x2  
  78  8:50  Siege Tank  
  78  8:51  Siege Tank, Medivac  
  86  8:55  Marine  
  86  9:02  Marine  
  87  9:04  Marine x2  
  90  9:14  Marauder  
  91  9:20  Marine x2  
  91  9:21  Medivac  
  91  9:22  Siege Tank, Marine x2  
  90  9:43  Orbital Command  
  90  9:51  Medivac  
  92  10:06  SCV x2  
  94  10:13  Missile Turret  
  94  10:17  SCV  
  94  10:18  SCV  
  96  10:39  SCV  
  96  10:42  Missile Turret  
  97  10:43  SCV x2  
  96  10:51  SCV  
  97  11:04  Missile Turret  
  97  11:17  Marine x2  
  97  11:18  Marine  
  100  11:19  Siege Tank x2  
  100  11:20  Marine x2  
  100  11:21  SCV  
  109  11:27  Refinery  
  109  11:28  Refinery  
  109  11:34  Missile Turret  
  109  11:37  Supply Depot, Marine  
  109  11:39  SCV  
  106  11:51  Siege Tank  
  109  11:58  Siege Tank  
  109  12:00  Supply Depot  
  112  12:14  SCV x3  
  115  12:23  Supply Depot, Marine x2  
  115  12:24  Marine x3  
  115  12:26  Siege Tank  
  115  12:28  Starport Reactor  
  123  12:34  Starport  
  123  12:39  Supply Depot  
  123  12:41  Marine x2  
  123  12:43  Command Center  
  125  12:44  Marine x2  
  125  12:45  Siege Tank, Marauder  
  132  12:58  Stimpack  
  132  13:00  Siege Tank  
  132  13:02  Supply Depot  
  135  13:06  Marauder  
  137  13:17  Siege Tank  
  138  13:22  Marine x3  
  138  13:23  Marine  
  138  13:25  Supply Depot  
  142  13:28  Medivac x2, Marauder  
  142  13:33  Starport Tech Lab  
  148  13:37  Starport  
  148  13:40  Marine  
  149  13:47  Siege Tank, Marine x2  
  154  13:49  Marauder  
  154  13:51  Siege Tank  
  154  13:52  SCV x2  
  154  13:53  SCV  
  162  13:57  Planetary Fortress  
  162  13:58  Medivac  
  164  14:04  SCV  
  164  14:06  SCV  
  164  14:07  SCV  
  167  14:11  Marine x3  
  167  14:12  Marine x2  
  167  14:16  SCV  
  173  14:18  SCV  
  173  14:19  Siege Tank  
  173  14:23  Siege Tank  
  180  14:25  SCV  
  180  14:28  SCV  
  180  14:29  Marine x4  
  180  14:30  Marine  
  180  14:31  SCV  
  188  14:38  SCV, Viking x2  
  191  14:40  SCV  
  191  14:41  SCV  
  191  14:43  SCV, Refinery  
  196  14:46  Refinery  
  196  15:00  Missile Turret  
  196  15:22  Missile Turret  
  196  15:31  Missile Turret  
  196  15:44  Missile Turret  
  196  15:52  Missile Turret  
  196  16:06  Command Center  
  196  16:08  Command Center  
  196  16:18  Missile Turret  
  196  16:24  Terran Infantry Armor Level 1  
  196  16:28  Combat Shields  
  196  16:42  Missile Turret  
  196  17:04  Missile Turret  
  196  17:06  Viking, Missile Turret  
  196  17:09  Marine x5  
  196  17:10  SCV x3, Viking, Missile Turret  
  196  17:11  SCV  
  196  17:12  Raven  
  179  17:15  Missile Turret  
  179  17:19  Viking  
  179  17:22  SCV  
  169  17:23  SCV  
  169  17:27  Marine x5  
  170  17:36  Planetary Fortress, Viking, Missile Turret  
  172  17:40  Viking  
  172  17:41  Missile Turret  
  174  17:45  Marine  
  174  17:48  Fusion Core  
  174  17:49  Viking  
  177  17:55  Viking  
  177  18:01  Missile Turret  
  177  18:03  Missile Turret  
  177  18:06  Viking  
  177  18:10  Viking  
  181  18:13  Planetary Fortress  
  181  18:17  Missile Turret  
  183  18:21  Missile Turret  
  183  18:23  Missile Turret  
  183  18:24  Raven  
  185  18:34  Starport Tech Lab  
  183  18:36  Viking  
  183  18:37  Missile Turret  
  183  18:39  Viking  
  187  18:43  Missile Turret  
  187  18:57  Missile Turret  
  187  19:06  Viking  
  187  19:07  Raven  
  187  19:09  Viking  
  193  19:16  Missile Turret  
  193  19:19  Missile Turret  
  193  19:26  Viking  
  195  19:36  Viking, Missile Turret  
  197  19:39  Viking, Missile Turret  
  199  19:56  Missile Turret  
  199  20:13  Marine  
  200  20:16  Missile Turret  
  176  20:24  Marine x4  
  176  20:27  Viking x4  
  127  20:31  Marine  
  115  20:42  Marine x4  
  115  20:49  Marine  
  177  20:57  Viking x4  
  111  20:59  Marine  
  111  21:00  Marine x3  
  123  21:06  Marine  
  124  21:17  Marine x3  
  124  21:18  Marine  
  126  21:24  Marine  
  127  21:27  Viking x4  
  135  21:35  Marine x4  
  139  21:42  Marine  
  135  21:53  Marine x4  
  130  21:57  Viking x4  
  130  21:59  Command Center  
  130  22:00  Marine  
  132  22:11  Marine x4  
  136  22:18  Marine  
  137  22:27  Viking x4  
  137  22:28  Marine  
  137  22:29  Marine x3  
  149  22:35  Marine  
  150  22:46  Marine x2  
  150  22:47  Marine x2  
  154  22:51  Siege Tank x2  
  154  22:53  Marine  
  154  22:55  Command Center  
  154  22:56  Viking  
  163  23:04  Command Center, Barracks, Marine x3  
  163  23:05  Barracks  
  166  23:10  Marine  
  166  23:11  Marine  
  168  23:17  Refinery  
  168  23:22  Marine x3  
  170  23:27  Refinery  
  170  23:28  Marine  
  170  23:29  Marine  
  172  23:40  Marine x3  
  173  23:55  Marine x2  
  130  23:56  Barracks  
  130  23:57  Marine  
  130  23:58  Marine x2  
  103  24:10  SCV  
  103  24:12  Marine  
  103  24:13  Marine  
  103  24:15  Marine x2  
  108  24:22  SCV  
  99  24:41  Marine  
  99  24:42  Marine x4  
  70  24:59  Marine x2  
  70  25:00  Marine  
Show
View Real Time Build Order
Export as new Build Order

LilDicky Terran - Winner!

Build Orders: Command Center First (CC) 

Get SALT Encoding   

  12  0:04  SCV  
  13  0:22  SCV  
  14  0:34  SCV  
  15  0:56  Command Center  
  15  1:08  Supply Depot  
  15  1:30  SCV, Supply Depot  
  16  1:42  SCV  
  16  1:43  Barracks  
  16  1:46  Barracks  
  17  1:54  SCV  
  18  2:06  SCV  
  18  2:08  Supply Depot, SCV  
  20  2:18  SCV  
  20  2:20  SCV  
  22  2:32  Bunker  
  22  2:33  Marine  
  22  2:34  Marine  
  22  2:35  Orbital Command  
  24  3:05  SCV, Supply Depot, Marine  
  25  3:06  Marine  
  25  3:11  Barracks  
  27  3:17  SCV, Barracks  
  28  3:25  Marine  
  28  3:26  Marine  
  30  3:29  SCV  
  31  3:49  Orbital Command  
  31  3:50  SCV  
  31  3:52  Marine x2  
  34  3:57  Marine  
  35  4:04  Command Center, Marine  
  35  4:06  SCV  
  37  4:10  Marine  
  37  4:12  Marine  
  37  4:15  Marine  
  40  4:17  Refinery  
  40  4:18  SCV x2, Refinery  
  42  4:24  Marine  
  42  4:30  SCV  
  44  4:43  Supply Depot  
  44  4:48  Command Center  
  44  4:51  Marine x2  
  44  4:52  Marine x2  
  48  4:57  SCV  
  49  5:04  SCV  
  49  5:05  Supply Depot  
  50  5:09  SCV, Marine x2  
  53  5:15  Supply Depot  
  51  5:25  Marine x2  
  51  5:32  Marine x2  
  51  5:33  Engineering Bay  
  53  5:43  Marine  
  53  5:46  Refinery, Orbital Command  
  53  5:47  Marine  
  55  5:50  Marine  
  55  5:54  Factory, Refinery  
  55  5:55  Refinery  
  55  5:57  Marine  
  55  6:01  Marine  
  57  6:06  Marine  
  57  6:08  Marine  
  59  6:13  Orbital Command  
  59  6:18  Marine  
  59  6:19  Marine  
  59  6:20  Command Center  
  59  6:24  Marine  
  52  6:39  Marine x2  
  51  6:40  Factory Tech Lab  
  51  6:42  Starport  
  53  6:59  Marine  
  53  7:00  Marine x2  
  59  7:01  Siege Tank  
  59  7:04  Marine  
  59  7:05  SCV  
  60  7:17  Marine x3  
  60  7:20  Starport Tech Lab  
  60  7:22  Marine  
  57  7:32  Supply Depot  
  57  7:35  Marine x3  
  60  7:40  SCV x2, Missile Turret, Marine  
  60  7:42  SCV x2  
  60  7:44  Missile Turret  
  65  7:52  SCV x2, Orbital Command  
  65  7:53  Marine x3  
  65  7:54  SCV x2  
  65  7:56  Banshee  
  65  7:57  Cloaking Field  
  65  7:58  Marine  
  76  8:01  Starport  
  76  8:04  SCV  
  76  8:05  SCV  
  78  8:07  Missile Turret  
  78  8:10  SCV  
  78  8:11  Marine x3  
  83  8:13  Sensor Tower  
  83  8:15  Marine  
  83  8:17  SCV  
  84  8:25  Refinery  
  83  8:27  Orbital Command  
  83  8:29  SCV, Marine x2  
  86  8:35  Missile Turret  
  86  8:37  Marine  
  86  8:38  Siege Tank  
  86  8:39  Banshee  
  86  8:41  SCV, Starport Tech Lab  
  94  8:44  Starport  
  94  9:00  SCV x2  
  96  9:15  Marine x2  
  98  9:17  Command Center  
  98  9:35  Siege Tank  
  98  9:36  Starport Tech Lab  
  98  9:38  Banshee x2  
  103  9:57  Marine x2  
  102  10:00  Orbital Command  
  102  10:03  SCV x2  
  102  10:04  SCV  
  105  10:10  Banshee  
  108  10:14  Armory  
  108  10:15  SCV  
  108  10:16  SCV  
  108  10:17  Supply Depot x2  
  108  10:18  Armory  
  108  10:21  Banshee x2  
  116  10:28  SCV  
  117  10:32  SCV  
  118  10:40  SCV  
  119  10:44  SCV  
  119  10:52  SCV  
  120  10:57  Command Center  
  120  11:01  Supply Depot, SCV x2  
  120  11:02  SCV  
  120  11:03  Siege Tank  
  126  11:04  Banshee x3  
  126  11:06  Terran Vehicle And Ship Armor Level 1, Terran Vehicle Weapons Level 1  
  126  11:11  Armory  
  135  11:12  Fusion Core  
  135  11:20  Missile Turret x2  
  135  11:21  Missile Turret  
  135  11:22  Refinery  
  135  11:23  Refinery  
  135  11:26  Planetary Fortress  
  135  11:27  Missile Turret x2  
  126  11:48  Banshee x2  
  129  11:57  Fusion Core  
  129  12:00  Terran Ship Weapons Level 1  
  129  12:02  Marine  
  129  12:03  Marine x3  
  129  12:04  Banshee, Supply Depot  
  136  12:12  Starport  
  136  12:14  Starport x2  
  136  12:15  Starport  
  136  12:17  SCV  
  136  12:20  Marine  
  136  12:21  Refinery  
  136  12:22  SCV, Refinery x2  
  139  12:29  SCV  
  140  12:31  Banshee, Missile Turret  
  140  12:33  Missile Turret  
  140  12:34  Banshee, SCV  
  140  12:35  Missile Turret  
  147  12:40  Planetary Fortress  
  147  12:41  SCV  
  147  12:42  Missile Turret  
  148  12:46  SCV  
  148  12:47  Banshee  
  148  12:50  Advanced Ballistics  
  152  12:53  SCV  
  152  12:54  Starport Reactor  
  152  12:55  Starport Tech Lab x3  
  152  12:57  Behemoth Reactor  
  153  12:58  SCV  
  153  13:05  SCV  
  153  13:10  SCV  
  152  13:16  Orbital Command  
  152  13:32  SCV  
  152  13:33  Liberator x2  
  153  13:34  Missile Turret, Liberator  
  153  13:35  Refinery  
  153  13:39  Missile Turret  
  153  13:40  Missile Turret  
  153  13:42  SCV  
  153  13:44  SCV  
  153  13:48  Medivac  
  157  13:50  Battlecruiser x2  
  157  13:51  Terran Vehicle Weapons Level 2  
  157  13:53  Weapon Refit  
  177  14:07  Missile Turret  
  177  14:09  Hyperflight Rotors  
  177  14:14  Command Center  
  177  14:15  Missile Turret  
  177  14:16  Terran Ship Weapons Level 2, Terran Vehicle And Ship Armor Level 2  
  177  14:31  Liberator x2  
  177  14:46  Missile Turret  
  177  14:49  SCV x2  
  185  14:54  Supply Depot  
  185  14:56  Supply Depot  
  185  14:58  Supply Depot  
  185  14:59  Supply Depot  
  185  15:01  SCV x2  
  187  15:08  Sensor Tower  
  187  15:13  SCV  
  188  15:21  Command Center  
  188  15:22  Command Center x2  
  188  15:24  Command Center  
  188  15:30  Command Center  
  188  15:32  Command Center  
  188  15:35  Command Center  
  188  15:39  Supply Depot  
  188  15:40  Planetary Fortress  
  188  15:41  Missile Turret  
  188  15:45  Banshee x4  
  200  15:51  Corvid Reactor  
  200  15:53  Explosive Shrapnel Shells, High Capacity Fuel Tanks  
  200  15:56  Infernal Pre-Igniter  
  199  16:35  Orbital Command x2  
  199  16:36  Orbital Command  
  194  17:14  Drilling Claws  
  194  17:15  Missile Turret  
  194  17:16  Missile Turret  
  194  17:32  Planetary Fortress  
  194  17:36  Missile Turret  
  191  17:37  Orbital Command  
  191  17:47  Planetary Fortress  
  190  17:59  Banshee  
  190  18:00  Banshee x3  
  200  18:07  Refinery  
  200  18:09  Missile Turret  
  200  18:11  Refinery  
  200  18:14  Terran Infantry Weapons Level 1  
  200  18:17  Terran Vehicle And Ship Armor Level 3, Terran Vehicle Weapons Level 3, Terran Ship Weapons Level 3  
  200  18:23  Barracks Tech Lab x4  
  200  18:33  Mag-Field Accelerator  
  200  18:50  Missile Turret  
  200  18:53  Command Center  
  188  19:05  Missile Turret  
  188  19:06  Missile Turret  
  188  19:07  Missile Turret  
  188  19:13  Missile Turret  
  188  19:15  Missile Turret  
  188  19:16  Refinery  
  188  19:17  Refinery  
  186  19:29  Banshee x2  
  186  19:30  Banshee x2  
  185  20:01  Battlecruiser x2  
  197  20:08  Terran Infantry Armor Level 1  
  154  20:33  Viking x3  
  154  20:34  Viking x3  
  154  20:35  Widow Mine  
  134  21:03  Viking x3, Widow Mine  
  134  21:04  Viking x3  
  148  21:05  Viking x2  
  130  21:33  Hellion, Viking x2  
  130  21:34  Battlecruiser x2  
  116  22:24  Missile Turret x3  
  116  22:25  Missile Turret x4  
  116  22:26  Missile Turret  
  116  22:35  Banshee x2  
  116  22:36  Banshee x2  
  128  22:38  Banshee  
  131  22:45  Command Center  
  131  22:50  Liberator  
  131  22:51  Planetary Fortress  
  131  22:58  Supply Depot  
  128  23:06  Banshee  
  134  23:18  Banshee x2  
  134  23:19  Banshee x2  
  146  23:20  Banshee  
  146  23:24  Supply Depot  
  149  23:42  Planetary Fortress  
  149  23:47  Missile Turret  
  143  23:48  Banshee  
  143  23:49  Missile Turret  
  122  24:01  Banshee x2  
  122  24:02  Banshee x2  
  119  24:09  Viking x2  
  107  24:10  Viking  
  109  24:19  Missile Turret  
  109  24:20  Planetary Fortress  
  109  24:28  Marine x4  
  109  24:29  Combat Shields, Stimpack, Concussive Shells  
  110  24:31  Viking  
  112  24:39  Viking x2  
  112  24:40  Viking  
  112  24:44  Banshee, Viking  
  112  24:45  Banshee x2, Marine  
  129  24:46  Marine x3  
  133  25:01  Banshee  
  133  25:09  Banshee, Marine x4  
  133  25:27  Missile Turret, Marine x4  
  133  25:44  Marine  
  133  25:45  Marine x3  
  133  25:52  Starport x2  
  133  25:53  Starport  
  133  25:54  Starport  
  133  25:55  Starport x2  
  133  25:59  Starport x2  
  133  26:00  Starport  
  133  26:02  Marine  
  133  26:03  Marine x3  
  133  26:36  Marine  
  133  26:37  Marine x3  
  133  26:39  Hellion, Refinery  
  133  26:40  Banshee x6  
  133  26:41  Refinery  
  133  26:44  Starport Tech Lab  
  133  26:45  Starport Tech Lab x8  
  133  26:49  Refinery  
  133  26:52  Refinery  
  133  26:54  Marine x4  
  133  27:02  Refinery  
  133  27:03  Refinery  
  133  27:12  Marine x4  
  133  27:22  Banshee  
  133  27:23  Banshee x5  
  133  27:29  Marine  
  133  27:30  Marine  
  133  27:46  Banshee  
  133  27:47  Banshee x8  
  133  28:05  Banshee  
  133  28:06  Banshee x3  
  133  28:29  Banshee  
  133  28:30  Banshee x2  
  133  29:41  Banshee  
  133  29:56  Banshee  
  133  30:30  Banshee  
  133  30:31  Banshee x2  
  133  31:54  Banshee  
  133  32:02  Banshee  
  133  32:08  Banshee  
  133  32:20  Banshee  
Tags
 
Add a new tag
Caveats
  • Supply blocks, unpowered buildings, or Contaminate may cause inaccurate times.
  • Supply counts are checked every 10 seconds.